 Dungeon Crawl Stone Soup version 0.23.2 (webtiles) character file.

Game seed: 10422695929844489167

169 Llamajah the Skirmisher (level 5, -1/41 HPs)
             Began as a Demonspawn Gladiator on June 11, 2019.
             Killed from afar by an orc wizard (9 damage)
             ... with a puff of flame
             ... on level 4 of the Dungeon.
             The game lasted 00:08:31 (3304 turns).

Llamajah the Skirmisher (Demonspawn Gladiator)      Turns: 3304, Time: 00:08:32

Health: -1/41      AC:  5    Str: 19    XL:     5   Next: 25%
Magic:  5/5        EV: 15    Int: 10    God:
Gold:   162        SH:  0    Dex: 15    Spells: 4/4 levels left

rFire    . . .     SeeInvis .   a - +0 long sword
rCold    . . .     Gourm    .   (no shield)
rNeg     . . .     Faith    .   b - +0 leather armour
rPois    +         Spirit   .   (helmet restricted)
rElec    .         Reflect  .   (no cloak)
rCorr    .         Harm     .   r - +1 pair of gloves
MR       .....                  (no boots)
Stlth    +.........             m - amulet of rage
HPRegen  0.13/turn              u - ring of poison resistance
MPRegen  0.09/turn              (no ring)

@: confused, mighty
A: antennae 1, repulsion field 1, demonic guardian 1
a: Evoke Berserk Rage


You were on level 4 of the Dungeon.
You were not hungry.

You visited 1 branch of the dungeon, and saw 4 of its levels.

You collected 162 gold pieces.

Inventory:

Hand Weapons
 a - a +0 long sword (weapon)
Missiles
 d - a throwing net (quivered)
 n - 2 javelins
Armour
 b - a +0 leather armour (worn)
 c - a +0 helmet
 q - a +0 scale mail
 r - a +1 pair of gloves (worn)
Jewellery
 m - an amulet of rage (around neck)
 u - a ring of poison resistance (left hand)
Scrolls
 e - 7 scrolls of identify {unknown}
 h - 4 scrolls of remove curse {unknown}
 k - 2 scrolls of magic mapping {unknown}
 l - a scroll of enchant armour {unknown}
 o - a scroll of fear {unknown}
 t - a scroll of amnesia {unknown}
Potions
 g - a potion of might
 i - a potion of lignification {unknown}
 j - a potion of degeneration {unknown}
 s - a potion of brilliance {unknown}
Comestibles
 f - 9 rations


   Skills:
 * Level 3.4 Fighting
 + Level 3.2 Long Blades
 + Level 2.5 Throwing
 + Level 1.4 Armour
 + Level 3.2 Dodging
 + Level 1.0 Evocations


You had 4 spell levels left.
You didn't know any spells.
Your spell library was empty.

Dungeon Overview and Level Annotations

Branches:
Dungeon (4/15)
 Temple: D:4-7

Altars:

Annotations:
D:3 2 transporters, Sigmund; catcat's ghost, amateur MiFi


Innate Abilities, Weirdness & Mutations

You have a pair of small antennae on your head.
You are surrounded by a mild repulsion field. (EV +2)
A weak demonic guardian rushes to your aid.


Message History

Your ufetubus misses the hound.
Found a ring mail.
You miss something. The hound closely misses you.
Your ufetubus hits the hound. x2
You hear some strange, mumbled words.
A puff of flame appears from out of thin air!
The puff of flame hits you.
* * * LOW HITPOINT WARNING * * *
The hound bites you.
* * * LOW HITPOINT WARNING * * *
Your ufetubus barely misses the hound.
Your ufetubus closely misses the hound.
Something completely misses you.
It was a potion of might.
You feel very mighty all of a sudden. The hound bites you.
* * * LOW HITPOINT WARNING * * *
Your ufetubus closely misses the hound. x2
You hear some strange, mumbled words.
A puff of flame appears from out of thin air!
The puff of flame hits you!
You die...

#. #. #.###
#####.... .....^..#
........#########$.
...................
..........{@h.....[
####.#..[.5.......
.. #..........[.
#.#####)##########.
#..............#
#.....)......#.#
#.#####.#..#.#
#.#####.#.%# #
#...)....<.#


You could see a hound and a friendly ufetubus.

Vanquished Creatures
  Terence (D:2)
  5 adders
  2 oozes (D:2)
  2 worms (D:2)
  2 dart slugs (D:2)
  3 leopard geckos
  7 orcs
  3 giant cockroaches
  12 goblins
  7 hobgoblins
  2 jackals (D:2)
  7 kobolds
  A quokka (D:3)
  2 ball pythons
  8 bats
  4 frilled lizards
  7 rats
75 creatures vanquished.

Notes
Turn   | Place    | Note
-------+----------+-------------------------------------------
     0 | D:1      | Llamajah the Demonspawn Gladiator began the quest for the
                  | Orb.
     0 | D:1      | Reached XP level 1. HP: 16/16 MP: 1/1
   143 | D:1      | Gained mutation: You are surrounded by a mild repulsion
                  | field. (EV +2) [demonic ancestry]
   143 | D:1      | Reached XP level 2. HP: 19/22 MP: 2/2
   599 | D:2      | Gained mutation: You have a pair of small antennae on your
                  | head. [demonic ancestry]
   599 | D:2      | Reached XP level 3. HP: 20/28 MP: 3/3
   852 | D:2      | Reached skill level 1 in Armour
  1254 | D:2      | Reached XP level 4. HP: 30/35 MP: 4/4
  2418 | D:3      | Noticed Terence
  2420 | D:3      | Noticed Sigmund
  2447 | D:2      | Killed Terence
  2447 | D:2      | Gained mutation: A weak demonic guardian rushes to your
                  | aid. [demonic ancestry]
  2447 | D:2      | Reached XP level 5. HP: 12/41 MP: 5/5
  2774 | D:3      | Reached skill level 1 in Evocations
  3040 | D:3      | Found a transporter.
  3044 | D:3      | Noticed catcat's ghost (amateur MiFi)
  3056 | D:3      | Found a transporter.
  3304 | D:4      | Killed from afar by an orc wizard

Skill      XL: |  1  2  3  4  5 |
---------------+----------------+-----
Throwing       | 2 |  2.5
Dodging        | 3 |  3.2
Long Blades    | 3 |  3.2
Armour         | 1 |  1.4
Fighting       | 3 |  3.4
Evocations     | 1 |  1.0

Action                   |  1- 3 |  4- 6 || total
-------------------------+-------+-------++-------
Melee: Long sword        |   125 |   127 ||   252
Throw: Throwing net      |     2 |     1 ||     3
  Use: Potion            |       |     3 ||     3
 Stab: Held in net/web   |     3 |     1 ||     4
       Distracted        |       |     1 ||     1
  Eat: Chunk             |     1 |     7 ||     8
Armor: Leather armour    |    42 |    43 ||    85
Dodge: Dodged            |   119 |   107 ||   226
       Rpst.: Long sword |    38 |    24 ||    62
